 Dungeon Sprint DCSS version 0.30-a0-39-g42789b21ef (webtiles) character file.

Game seed: 15241103321630147455

2629 mhtbhm the Basher (level 9, -5/93 HPs)
             Began as a Minotaur Fighter on Aug 28, 2022.
             Was an Initiate of Gozag.
             Succumbed to a redback's poison
             ... in the Dungeon (Sprint III: "The Ten Rune Challenge").
             The game lasted 00:02:13 (1743 turns).

mhtbhm the Basher (Minotaur Fighter)                Turns: 1743, Time: 00:02:13

Health: -5/93      AC: 12    Str: 24    XL:     9   Next: 35%
Magic:  8/8        EV: 11    Int:  5    God:    Gozag
Gold:   969        SH:  6    Dex: 11    Spells: 8/8 levels left

rFire   . . .      SeeInvis .    a - +0 flail
rCold   . . .      Faith    .    c - +0 buckler
rNeg    . . .      Spirit   .    b - +0 scale mail
rPois   .          Reflect  .    (helmet restricted)
rElec   .          Harm     .    (no cloak)
rCorr   .          Rampage  .    (no gloves)
Will    .....      NoTele   +    (no boots)
Stlth   ..........               (no amulet)
HPRegen 0.25/turn                (no ring)
MPRegen 0.11/turn                (no ring)

@: lethally poisoned (-5 -> -41), gold aura, hasted, very quick
A: horns 2, retaliatory headbutt, iridescent scales 1, shaggy fur 1, MP-powered
wands
a: Renounce Religion, Potion Petition, Call Merchant, Bribe Branch


You were in the Dungeon.
You worshipped Gozag.
Gozag was pleased with you.
You visited 1 branch You collected 969 gold pieces.

Inventory:

Hand Weapons
 a - a +0 flail (weapon)
Armour
 b - a +0 scale mail (worn)
 c - a +0 buckler (worn)
Scrolls
 j - a scroll of blinking
 k - a scroll of fog {unknown}
 l - a scroll of immolation {unknown}
 m - 2 scrolls of identify
 p - a scroll of torment {unknown}
 q - a scroll of enchant weapon {unknown}
Potions
 e - 3 potions of curing
 h - 2 potions of magic
 n - 2 potions of lignification {unknown}
 o - a potion of flight {unknown}
 r - 3 potions of mutation
Miscellaneous
 i - a piece from Xom's chessboard (15/15)


   Skills:
 + Level 13.3 Fighting
 + Level 14.5 Maces & Flails
 + Level 12.8 Armour
 + Level 4.0 Dodging
 + Level 0.5 Stealth
 + Level 11.7 Shields
 + Level 1.2 Evocations


You had 8 spell levels left.
You didn't know any spells.
Your spell library contained the following spells:

 Spells                   Type           Power      Damage    Failure   Level
 Summon Small Mammal      Summ           0%         N/A       77%         1
 Call Canine Familiar     Summ           0%         N/A       98%         3
 Summon Guardian Golem    Hex/Summ       0%         N/A       98%         3


Dungeon Overview and Level Annotations

Branches:
Dungeon (1/1)

Altars:
Cheibriados
Dithmenos
Elyvilon
Fedhas
Gozag
Hepliaklqana
Kikubaaqudgha
Makhleb
Nemelex Xobeh
Okawaru
Qazlal
Ru
Sif Muna
Trog
Uskayaw
Vehumet
Wu Jian
Xom
Yredelemnul
Zin
The Shining One
Jiyva
Lugonu


Innate Abilities, Weirdness & Mutations

You have a pair of horns on your head.
You reflexively headbutt those who attack you in melee.
You are partially covered in iridescent scales. (AC +2)
You are covered in fur. (AC +1)
You expend magic power (3 MP) to strengthen your wands.


Message History

You sock the two-headed ogre!
Your headbutt misses the two-headed ogre.
The two-headed ogre is moderately wounded.
The two-headed ogre hits you with a +0 giant club!!
* * * LOW HITPOINT WARNING * * *
You block the two-headed ogre's attack.
You sock the two-headed ogre! You headbutt the two-headed ogre!
The two-headed ogre is heavily wounded.
The two-headed ogre hits you but does no damage.
You block the two-headed ogre's attack.
You sock the two-headed ogre!
The two-headed ogre is severely wounded.
You hit the two-headed ogre.
The two-headed ogre is severely wounded.
You closely miss the two-headed ogre.
You headbutt the two-headed ogre, but do no damage.
The two-headed ogre is severely wounded.
The two-headed ogre barely misses you. The two-headed ogre misses you.
You thump the two-headed ogre!
The two-headed ogre is almost dead.
You sock the two-headed ogre!
Your headbutt misses the two-headed ogre.
The two-headed ogre is almost dead.
The two-headed ogre hits you with a +0 giant club!!
* * * LOW HITPOINT WARNING * * *
The two-headed ogre closely misses you.
You hit the two-headed ogre.
You kill the two-headed ogre!
Your Dodging skill increases to level 4!
A redback comes into view.
The redback fails to trigger a net trap.
Items here: ! $ ))) [.
Okay, then.
You feel yourself speed up. The redback attacks as you move away!
The redback bites you!
* * * LOW HITPOINT WARNING * * *
You are lethally poisoned!
The redback poisons you!
You die...
Your body crumbles into a pile of gold.

___#__# $$$ $ __)#._# $ $$
'###)## $ $ ......#
......#$$$ $ $ $ #####'# $
$ __#...#+##############
__#..)#....#.#.#..s..#
__#...##.#..#.##@###.#
__#...'##)#.#.##.#.$##
__'...#..)#..#..##..'^^.^..
▓▓▓▓▓▓▓▓▓▓▓▓▓▓▓▓▓▓▓▓#.^..^.
...s.. ^...^ .^... ####


You could see a redback.

Vanquished Creatures
  Erolcha (D)
  A deep elf pyromancer (D)
  A shadow (D)
  A spatial vortex (D)
  5 two-headed ogres (D)
  A necrophage (D)
  A water elemental (D)
  A jelly (D)
  Jessica (D)
  A wizard (D)
  A necromancer (D)
  A kobold demonologist (D)
  3 humans (D)
  A wolf (D)
  2 endoplasms (D)
  A rat (D)
23 creatures vanquished.

Notes
Turn   | Place    | Note
-------+----------+-------------------------------------------
     0 | D        | mhtbhm the Minotaur Fighter began the quest for the Orb.
     0 | D        | Reached XP level 1. HP: 19/19 MP: 0/0
    89 | D        | Noticed Jessica
    95 | D        | Killed Jessica
    96 | D        | Reached skill level 5 in Fighting
    96 | D        | Reached skill level 3 in Maces & Flails
    96 | D        | Reached skill level 5 in Armour
    96 | D        | Reached skill level 5 in Shields
    96 | D        | Reached XP level 2. HP: 29/29 MP: 1/1
    96 | D        | Reached XP level 3. HP: 36/36 MP: 2/2
   195 | D        | Reached skill level 4 in Maces & Flails
   327 | D        | Gained mutation: You are partially covered in iridescent
                  | scales. (AC +2) [potion of mutation]
   327 | D        | Gained mutation: You expend magic power (3 MP) to
                  | strengthen your wands. [potion of mutation]
   327 | D        | Gained mutation: You are covered in fur. (AC +1) [potion of
                  | mutation]
   359 | D        | Noticed a water elemental
   368 | D        | Killed a water elemental
   369 | D        | Reached skill level 5 in Maces & Flails
   369 | D        | Reached XP level 4. HP: 24/47 MP: 3/3
   536 | D        | Noticed a shadow
   542 | D        | Killed a shadow
   543 | D        | Reached skill level 7 in Maces & Flails
   543 | D        | Reached skill level 1 in Dodging
   543 | D        | Reached XP level 5. HP: 56/56 MP: 4/4
   543 | D        | Reached XP level 6. HP: 62/62 MP: 5/5
   590 | D        | Found a blossoming altar of Fedhas.
   590 | D        | Found a stormy altar of Qazlal.
   590 | D        | Found a snail-covered altar of Cheibriados.
   590 | D        | Found a burning altar of Makhleb.
   590 | D        | Found a shimmering altar of Xom.
   590 | D        | Noticed a spatial vortex
   591 | D        | Found a hazy altar of Hepliaklqana.
   591 | D        | Found an opulent altar of Gozag.
   591 | D        | Found a sparkling altar of Nemelex Xobeh.
   591 | D        | Found a corrupted altar of Lugonu.
   591 | D        | Found a viscous altar of Jiyva.
   600 | D        | Killed a spatial vortex
   601 | D        | Reached skill level 8 in Maces & Flails
   610 | D        | Became a worshipper of Gozag Ym Sagoz the Greedy
   628 | D        | Found a basalt altar of Yredelemnul.
   628 | D        | Found a shadowy altar of Dithmenos.
   628 | D        | Found a sacrificial altar of Ru.
   643 | D        | Reached skill level 10 in Fighting
   643 | D        | Reached skill level 9 in Maces & Flails
   661 | D        | Found a radiant altar of Vehumet.
   661 | D        | Found a shimmering blue altar of Sif Muna.
   661 | D        | Found an ancient bone altar of Kikubaaqudgha.
   665 | D        | Reached skill level 10 in Armour
   665 | D        | Reached XP level 7. HP: 71/72 MP: 6/6
   669 | D        | Noticed a red devil
   673 | D        | Noticed a sun demon
   962 | D        | Found a glowing silver altar of Zin.
   963 | D        | Found a glowing golden altar of the Shining One.
   963 | D        | Found a white marble altar of Elyvilon.
   963 | D        | Noticed a deep elf pyromancer
   975 | D        | Killed a deep elf pyromancer
   976 | D        | Reached skill level 11 in Maces & Flails
   976 | D        | Reached skill level 10 in Shields
  1206 | D        | Found a hide-covered altar of Uskayaw.
  1206 | D        | Found an iron altar of Okawaru.
  1206 | D        | Found a bloodstained altar of Trog.
  1206 | D        | Found an ornate altar of the Wu Jian Council.
  1206 | D        | Noticed a human
  1206 | D        | Noticed a human
  1211 | D        | Killed a human
  1212 | D        | Reached XP level 8. HP: 82/82 MP: 7/7
  1234 | D        | Reached skill level 12 in Maces & Flails
  1531 | D        | Noticed a two-headed ogre
  1559 | D        | Killed a two-headed ogre
  1560 | D        | Reached skill level 13 in Maces & Flails
  1713 | D        | Noticed a two-headed ogre
  1713 | D        | Noticed Erolcha
  1724 | D        | Killed Erolcha
  1725 | D        | Reached skill level 14 in Maces & Flails
  1725 | D        | Reached skill level 1 in Evocations
  1725 | D        | Reached XP level 9. HP: 33/93 MP: 8/8
  1736 | D        | Killed a two-headed ogre
  1743 | D        | HP: 1/93 [redback (7)]
  1743 | D        | Succumbed to a redback's poison

Illustrated notes

Levels and vault maps discovered:
D:        dungeon_sprint_mu [sprint_mu_entry_forest, sprint_mu_temple_rooms,
          sprint_mu_d1_spiders, sprint_mu_d2_genie, sprint_mu_d3_branching,
          sprint_mu_orc_legion, sprint_mu_elf_gauntlet, sprint_mu_hive_nellie,
          sprint_mu_lair_fedhas, sprint_mu_vaults_butterflies,
          sprint_mu_slime_circle, sprint_mu_shoals_kraken,
          sprint_mu_snake_twists, sprint_mu_blade_basic, sprint_mu_crypt_lich,
          sprint_mu_tomb_spiral, sprint_mu_vestibule_basic,
          sprint_mu_gehenna_hellfire, sprint_mu_dis_giant,
          sprint_mu_tartarus_statrot, sprint_mu_cocytus_islands, sprint_mu_zot1]

Skill      XL: |  1  2  3  4  5  6  7  8  9 |
---------------+----------------------------+-----
Fighting       | 5 7 8 10 11 13 | 13.3
Armour         | 5 6 8 10 11 12 | 12.8
Shields        | 5 6 7 9 10 11 | 11.7
Maces & Flails | 3 5 7 9 11 14 | 14.5
Dodging        | 1 2 3 4 |  4.0
Evocations     | 1 |  1.2
Stealth        | |  0.5

Action                   |  1- 3 |  4- 6 |  7- 9 || total
-------------------------+-------+-------+-------++-------
Melee: Flail             |    20 |    25 |    69 ||   114
       Headbutt          |       |     5 |    14 ||    19
Evoke: Piece from Xom's  |       |       |     3 ||     3
  Use: Potion            |     1 |     1 |     4 ||     6
Armor: Scale mail        |     4 |     4 |     8 ||    16
Dodge: Dodged            |     6 |     5 |    24 ||    35
Block: Buckler           |     7 |     8 |    12 ||    27

Table legend: (Time is in decaauts)
 A = Elapsed time spent in this place.
 B = Non-inter-level travel time spent in this place.
 C = Inter-level travel time spent in this place.
 D = Time resting spent in this place.
 E = Time spent auto-exploring this place.
 F = Levels seen in this place.
 G = Mean time per level.
                   A        B        C        D        E       F      G
               +--------+--------+--------+--------+--------+-----+--------+
         Total |   1752 |   1752 |      0 |   1307 |      1 |   1 | 1752.0 |
       Dungeon |   1752 |   1752 |      0 |   1307 |      1 |   1 | 1752.0 |
               +--------+--------+--------+--------+--------+-----+--------+

Top non-repeatable levels by time:
       D: 1752 daAuts
